 Dungeon Crawl Stone Soup version 0.29.1-15-g9cfb28693d (webtiles) character file.

Game seed: 6505405715930300146

776 Gabide the Shooter (level 7, 0/56 HPs)
             Began as a Barachi Hunter on Apr 27, 2023.
             Slain by a hornet zombie (5 damage)
             ... in an ossuary.
             The game lasted 00:10:18 (3373 turns).

Gabide the Shooter (Barachi Hunter)                 Turns: 3373, Time: 00:10:18

Health: 0/56       AC:  5    Str: 10 (12) XL:     7   Next: 84%
Magic:  7/7        EV: 17    Int:  9 (10) God:
Gold:   120        SH:  0    Dex: 15 (17) Spells: 6/6 levels left

rFire   . . .      SeeInvis .   a - +0 shortbow
rCold   . . .      Faith    .   (shield currently unavailable)
rNeg    . . .      Spirit   .   c - +0 leather armour
rPois   .          Reflect  .   k - +1 helmet
rElec   .          Harm     .   (no cloak)
rCorr   .          Rampage  .   (no gloves)
Will    .....                   (no boots)
Stlth   +.........              (no amulet)
HPRegen 0.18/turn               b - +4 ring of evasion
MPRegen 0.10/turn               (no ring)

@: about to teleport, flying, slow
A: amphibious, slowness 1, strong legs 1, +LOS
a: Hop


You were in an ossuary.
You visited 1 branch of the dungeon, and saw 4 of its levels.
You also visited: Ossuary.

You collected 120 gold pieces.

Inventory:

Hand Weapons
 a - a +0 shortbow (weapon)
Armour
 c - a +0 leather armour (worn)
 k - a +1 helmet (worn)
Jewellery
 b - a +4 ring of evasion (left hand)
 e - an amulet of the acrobat
Wands
 d - a wand of digging (5)
Scrolls
 f - a scroll of teleportation
 j - a scroll of silence {unknown}
 m - a scroll of enchant weapon {unknown}
Potions
 g - a potion of berserk rage
 h - a potion of might
 i - a potion of degeneration
 l - a potion of curing


   Skills:
 + Level 5.6 Fighting
 * Level 7.0 Ranged Weapons
 + Level 5.2 Dodging
 - Level 1.0 Stealth


You had 6 spell levels left.
You didn't know any spells.
Your spell library contained the following spells:

 Spells                   Type           Power      Damage    Failure   Level
 Blink                    Tloc           0%         N/A       63%         2
 Lesser Beckoning         Tloc           0%         N/A       86%         3
 Manifold Assault         Tloc           0%         N/A       100%        5


Dungeon Overview and Level Annotations

Branches:
Dungeon (4/15)            Ossuary (1/1)
 Temple: D:4-7

Altars:
Nemelex Xobeh

Shops:
D:1 [

Annotations:
D:4 2 transporters


Innate Abilities, Weirdness & Mutations

You are amphibious.
You cover ground slowly.
You can hop short distances.
You have an extended range of vision and can be seen from far away.


Message History

The bullfrog zombie hits you.
* * * LOW HITPOINT WARNING * * *
The killer bee zombie barely misses you.
The killer bee zombie hits you but does no damage.
The bullfrog zombie hits you but does no damage.
You see here a bubbling purple potion.
Your surroundings suddenly seem different.
Floosh!
A bog mummy comes into view.
It was a potion of degeneration.
There was something very wrong with that liquid.
You feel weakened.
You feel dopey.
You feel clumsy.
It was a potion of flight.
You feel very buoyant.
You fly up into the air.
It was a potion of curing.
You feel better.
There is an open door here.
You see here a scroll labelled SEISIW TIMYO.
j - a scroll labelled SEISIW TIMYO The killer bee zombie misses you. x2
The killer bee zombie closely misses you.
You see here a potion of curing.
l - a potion of curing The killer bee zombie closely misses you.
The hornet zombie closely misses you.
The hornet zombie attacks as you move away!
The hornet zombie hits you.
* * * LOW HITPOINT WARNING * * *
The killer bee zombie closely misses you.
The killer bee zombie barely misses you.
You see here a scroll of teleportation.
f - 2 scrolls of teleportation (gained 1)
The killer bee zombie hits you.
* * * LOW HITPOINT WARNING * * *
The hornet zombie closely misses you.
As you read the scroll of teleportation, it crumbles to dust.
You feel strangely unstable.
The killer bee zombie completely misses you.
The hornet zombie hits you.
You die...

≈≈≈≈###≈≈ ≈≈≈≈
#≈#≈~#~~##~~# #
#.~.≈.#.#.~P#
#~#'#'#~#.~.~.#~#≈#
...~~~~.MZ..~~~'.~#
#~~##'##~##M##~##~#
#Z..#.#M!!#
#Z?!###ZZ?# #.!?#
#@??# ##### #####
##### #∩..#


#ZMZ# #.Z.# ##Z## ~~~ You could see a mummy, a bog mummy, a killer bee zombie
and a hornet zombie.

Vanquished Creatures
  Eustachio (D:4)
  Pargi (D:3)
  An elf zombie (D:4)
  A wyvern zombie (Ossuary)
  A bullfrog zombie (Ossuary)
  A hound (D:4)
  Ijyb (D:4)
  2 orc wizards (D:3)
  A human skeleton (D:4)
  A killer bee zombie (Ossuary)
  5 mummies (Ossuary)
  Robin (D:3)
  An adder (D:3)
  A worm (D:3)
  A dart slug (D:2)
  8 orcs
  5 bats
  2 endoplasms (D:1)
  5 giant cockroaches
  23 goblins
  8 hobgoblins
  4 jackals
  8 kobolds
  3 quokkas
  A ball python (D:3)
  2 frilled lizards (D:2)
  5 rats
94 creatures vanquished.

Vanquished Creatures (others)
  9 fungi (D:3)
  11 withered plants (Ossuary)
20 creatures vanquished.

Grand Total: 114 creatures vanquished

Notes
Turn   | Place    | Note
-------+----------+-------------------------------------------
     0 | D:1      | Gabide the Barachi Hunter began the quest for the Orb.
     0 | D:1      | Reached XP level 1. HP: 17/17 MP: 1/1
    61 | D:1      | Reached XP level 2. HP: 24/24 MP: 2/2
   308 | D:1      | Reached skill level 1 in Stealth
   440 | D:1      | Found Sasibam's Antique Armour Shoppe.
   628 | D:1      | Found a faded altar of an unknown god.
   699 | D:1      | Reached XP level 3. HP: 29/29 MP: 3/3
  1113 | D:2      | Found a sparkling altar of Nemelex Xobeh.
  1806 | D:3      | Noticed Pargi
  1904 | D:3      | Killed Pargi
  1905 | D:3      | Reached skill level 5 in Ranged Weapons
  1905 | D:3      | Reached XP level 4. HP: 37/37 MP: 4/4
  1905 | D:3      | Reached XP level 5. HP: 42/42 MP: 5/5
  2217 | D:3      | Reached XP level 6. HP: 48/48 MP: 6/6
  2472 | D:3      | Noticed Robin
  2497 | D:3      | Killed Robin
  2718 | D:3      | Found a sparkling altar of Nemelex Xobeh.
  2770 | D:4      | Noticed Eustachio
  2787 | D:4      | Killed Eustachio
  2788 | D:4      | Reached skill level 6 in Ranged Weapons
  2816 | D:4      | Noticed Ijyb
  2830 | D:4      | Paralysed by Ijyb for 3 turns
  2834 | D:4      | Killed Ijyb
  2947 | D:4      | Found a transporter.
  2957 | D:4      | Noticed a small abomination
  2965 | D:4      | Found a transporter.
  3014 | D:4      | Reached XP level 7. HP: 55/55 MP: 7/7
  3049 | D:4      | Reached skill level 5 in Fighting
  3084 | D:4      | Found a sand-covered staircase.
  3099 | Ossuary  | Entered an ossuary
  3317 | Ossuary  | Reached skill level 5 in Dodging
  3347 | Ossuary  | Reached skill level 7 in Ranged Weapons
  3373 | Ossuary  | Slain by a hornet zombie

Illustrated notes

Levels and vault maps discovered:
D:1:      dpeg_arrival_tiny_b, layout_basic, serial_shops, shop,
          hellmonk_ecumenical_altar_inner_sanctum
D:2:      layout_basic, basic_altar
D:3:      layout_basic, mainiacjoe_overflow_alcove_4, uniq_robin, uniq_pargi
D:4:      layout_cave_pools, temple_green, gammafunk_ghost_abyssal_escape,
          nicolae_ossuary_entry_catacombs, uniq_ijyb, uniq_duvessa,
          uniq_eustachio
Ossuary:  ossuary_zaba_flooded

Skill      XL: |  1  2  3  4  5  6  7 |
---------------+----------------------+-----
Fighting       | 3 4 5 |  5.6
Dodging        | 3 4 5 |  5.2
Stealth        | 1 |  1.0
Ranged Weapons | 5 6 7 |  7.0

Action                   |  1- 3 |  4- 6 |  7- 9 || total
-------------------------+-------+-------+-------++-------
Melee: Shortbow          |       |     2 |       ||     2
 Fire: Shortbow          |    89 |   162 |   100 ||   351
 Abil: Hop               |       |     2 |       ||     2
Evoke: Wand              |       |       |    12 ||    12
  Use: Scroll            |     7 |     1 |     4 ||    12
       Potion            |       |     1 |     3 ||     4
Armor: Leather armour    |     7 |    21 |    19 ||    47
Dodge: Dodged            |    22 |    76 |    81 ||   179
